 Dungeon Crawl Stone Soup version 0.29.1-15-g9cfb28693d (webtiles) character file.

Game seed: 5483720706193091734

21466 Renzlar the Blocker (level 12, -3/98 HPs)
             Began as a Gnoll Fighter on Apr 9, 2023.
             Was a High Priest of Okawaru.
             Killed from afar by a will-o-the-wisp (27 damage)
             ... with a foxfire
             ... on level 3 of the Lair of Beasts.
             The game lasted 01:01:34 (17627 turns).

Renzlar the Blocker (Gnoll Fighter)                Turns: 17627, Time: 01:01:35

Health: -3/98      AC: 15    Str: 19    XL:     12   Next: 90%
Magic:  24/24      EV: 13    Int:  8    God:    Okawaru [*****.]
Gold:   606        SH: 11    Dex: 13    Spells: 24/27 levels left

rFire   . . .      SeeInvis +   a - +5 war axe "Oshukur" {flame, SInv}
rCold   . . .      Faith    .   A - +0 kite shield
rNeg    + . .      Spirit   .   j - +2 swamp dragon scales
rPois   +          Reflect  .   f - +2 helmet {SInv}
rElec   .          Harm     .   i - scarf {+Inv}
rCorr   +          Rampage  .   (no gloves)
Will    .....                   (no boots)
Stlth   ++++......              (no amulet)
HPRegen 0.26/turn               y - ring of positive energy
MPRegen 0.19/turn               K - ring "Vigoplob" {Fly rCorr Stlth+}

@: flying
A: fangs 1, strong nose, distributed training
a: Renounce Religion, Evoke Invisibility, Heroism, Finesse, Duel


You were on level 3 of the Lair of Beasts.
You worshipped Okawaru.
Okawaru was extremely pleased with you.
You visited 3 branches of the dungeon, and saw 14 of its levels.

You collected 795 gold pieces.
You spent 189 gold pieces at shops.

Inventory:

Hand Weapons
 a - the +5 war axe "Oshukur" (weapon) {flame, SInv}
   (You found it on level 6 of the Dungeon)

   It burns those it strikes, dealing additional fire damage.
   Big, fiery blades are also staple armaments of hydra-hunters.
   SInv:      It lets you see invisible.
 b - a +2 flail of venom
 c - a +0 sling
 z - the +3 rapier of Circularity {vorpal, rC++ Stlth+}
   (You bought it in a shop on level 8 of the Dungeon)

   It inflicts extra damage upon your enemies.
   rC:        It greatly protects you from cold.
   Stlth:     It makes you more stealthy.
Missiles
 m - 7 javelins
 u - 15 poisoned darts (quivered)
 F - 4 curare-tipped darts
Armour
 f - a +2 helmet of see invisible (worn)
 i - a scarf of invisibility (worn)
 j - +2 swamp dragon scales (worn)
 k - a scarf of repulsion
 q - a +3 leather armour of fire resistance
 A - a +0 kite shield (worn)
Jewellery
 e - a ring of magical power
 s - a ring of ice
 y - a ring of positive energy (left hand)
 E - a ring of wizardry
 K - the ring "Vigoplob" (right hand) {Fly rCorr Stlth+}
   (You found it on level 1 of the Lair of Beasts)

   [ring of flight]

   Fly:       It grants you flight.
   rCorr:     It protects you from acid and corrosion.
   Stlth:     It makes you more stealthy.
 N - the ring "Coomecsa" {rN+ rCorr Str-4 Dex+5}
   (You found it on level 2 of the Lair of Beasts)

   [ring of positive energy]

   Str:       It affects your strength (-4).
   Dex:       It affects your dexterity (+5).
   rN:        It protects you from negative energy.
   rCorr:     It protects you from acid and corrosion.
Wands
 l - a wand of mindburst (12)
 t - a wand of paralysis (10)
Scrolls
 n - a scroll of amnesia
 v - 4 scrolls of teleportation
 w - a scroll of enchant weapon
 x - a scroll of fog
 C - 2 scrolls of enchant armour
 G - a scroll of fear
 L - 2 scrolls of magic mapping
Potions
 g - 4 potions of curing
 h - 3 potions of magic
 o - 2 potions of mutation
 p - 2 potions of lignification
 r - a potion of flight
 B - 4 potions of haste
 D - a potion of cancellation
 H - 2 potions of might
 J - a potion of berserk rage
 M - a potion of resistance
 O - a potion of heal wounds
Miscellaneous
 d - a phantom mirror
 I - a lightning rod (4/4)


   Skills:
 + Level 10.4 Fighting
 + Level 8.0 Short Blades
 + Level 8.0 Long Blades
 + Level 9.3 Axes
 + Level 8.0 Maces & Flails
 + Level 8.0 Polearms
 + Level 8.0 Staves
 + Level 8.0 Ranged Weapons
 + Level 8.0 Throwing
 + Level 10.4 Armour
 + Level 8.0 Dodging
 + Level 8.0 Stealth
 + Level 10.4 Shields
 + Level 8.0 Unarmed Combat
 + Level 8.0 Spellcasting
 + Level 6.6 Conjurations
 + Level 6.6 Hexes
 + Level 6.6 Summonings
 + Level 6.6 Necromancy
 + Level 6.6 Translocations
 + Level 6.6 Transmutations
 + Level 6.6 Fire Magic
 + Level 6.6 Ice Magic
 + Level 6.6 Air Magic
 + Level 6.6 Earth Magic
 + Level 6.6 Poison Magic
 + Level 8.8 Invocations
 + Level 8.0 Evocations


You had 24 spell levels left.
You knew the following spells:

 Your Spells              Type           Power      Damage    Failure   Level
a - Tukima's Dance        Hex            13%        N/A       13%         3

Your spell library contained the following spells:

 Spells                   Type           Power      Damage    Failure   Level
 Apportation              Tloc           26%        N/A       4%          1
 Necrotise                Necr           52%        1d6       4%          1
 Portal Projectile        Hex/Tloc       26%        N/A       13%         3
 Blade Hands              Tmut           6%         N/A       75%         5
 Summon Small Mammal      Summ           Unusable   N/A       N/A         1

Dungeon Overview and Level Annotations

Branches:
Dungeon (10/15)            Temple (1/1) D:6            Lair (3/5) D:10
 Spider (0/4) Lair:3
  Swamp: Lair:2-3    Shoals: Lair:2-3       Orc: D:9-12

Altars:
Ashenzari
Cheibriados
Dithmenos
Elyvilon
Fedhas
Gozag
Hepliaklqana
Kikubaaqudgha
Makhleb
Nemelex Xobeh
Okawaru
Qazlal
Ru
Sif Muna
Trog
Uskayaw
Vehumet
Wu Jian
Xom
Yredelemnul
Zin
The Shining One

Shops:
D:3 :   D:8 *([((   D:9 *

Annotations:
D:4 4 runed translucent doors
Lair:1 exclusion: oklob plant


Innate Abilities, Weirdness & Mutations

You have very sharp teeth.
Your uncanny sense of smell can sniff out nearby items.
Your experience applies equally to all skills.


Message History

The cane toad is heavily wounded.
The blink frog blinks!
The cane toad barely misses you.
The blink frog blinks!
You closely miss the cane toad.
The cane toad is heavily wounded.
You block the cane toad's attack.
A yak comes into view.
The will-o-the-wisp gestures.
The will-o-the-wisp conjures some foxfire! 2 foxfires come into view.
The yak bellows!
You hit the cane toad. You burn the cane toad. Your bite misses the cane toad.
The cane toad is heavily wounded.
You block the cane toad's attack. The cane toad stings you.
The will-o-the-wisp gestures.
The will-o-the-wisp conjures some foxfire!
A foxfire comes into view.
You completely miss the cane toad.
The cane toad is heavily wounded.
You block the cane toad's attack.
The will-o-the-wisp gestures.
Unknown command.
You slash the cane toad! You burn the cane toad.
The cane toad is severely wounded.
You block the cane toad's attack.
A bullfrog comes into view.
The cane toad stings you but does no damage.
Unknown command.
The bullfrog gives a loud, deep croak!
You slash the cane toad! You burn the cane toad.
You kill the cane toad!
Okawaru accepts your kill. The foxfire hits you!
* * * LOW HITPOINT WARNING * * *
The will-o-the-wisp gestures.
The will-o-the-wisp conjures some foxfire! 2 foxfires come into view.
You slice the foxfire!!
The foxfire is lightly damaged.
The foxfire hits you!!
You die...

#
#...#
##..#
##.##
#..#
##.##
#...#
##..#
#.##
#@.#
#v##
#vF#
v#v#
ยง.
.Y
##.
.#.
..
....
#. .#
#. ..
.. ..


You could see a will-o-the-wisp, a yak and a blink frog.

Vanquished Creatures
  A two-headed ogre (D:8)
  4 death yaks (Lair:3)
  Sonja (Lair:1)
  The ghost of viagra the Cleaver, a novice MiBe of Trog (D:6)
  5 black mambas
  A torpor snail (Lair:2)
  Maggie (D:7)
  5 komodo dragons
  A rime drake (Lair:1)
  An unseen horror (D:7)
  8 cane toads
  2 trolls
  A polar bear (Lair:3)
  Grinder (D:4)
  A blink frog (Lair:3)
  4 dream sheep
  A jumping spider (Lair:3)
  25 yaks
  2 wyverns
  A basilisk (Lair:1)
  3 steam dragons
  Edmund (D:5)
  4 water moccasins
  3 acid dragons (D:10)
  3 ice beasts
  2 sky beasts
  5 orc warriors
  5 wolves (Lair:3)
  A phantom (D:7)
  4 centaurs
  3 kobold brigands
  6 bullfrogs
  2 necrophages
  2 gnoll sergeants
  2 scorpions
  10 killer bees
  3 hounds
  2 jellies
  2 gnoll boudas
  9 orc priests
  2 iguanas
  9 orc wizards
  16 gnolls
  11 adders
  3 white imps
  3 worms
  A dart slug (D:2)
  47 orcs
  7 ball pythons
  6 bats
  11 endoplasms
  4 giant cockroaches
  5 hobgoblins
  6 jackals
  2 quokkas
  5 frilled lizards
  7 goblins
  14 kobolds
  4 rats
302 creatures vanquished.

Vanquished Creatures (others)
  4 foxfires (Lair:3)
  8 fungi
  6 plants
18 creatures vanquished.

Grand Total: 320 creatures vanquished

Notes
Turn   | Place    | Note
-------+----------+-------------------------------------------
     0 | D:1      | Renzlar the Gnoll Fighter began the quest for the Orb.
     0 | D:1      | Reached XP level 1. HP: 23/23 MP: 1/1
   115 | D:1      | Reached XP level 2. HP: 11/29 MP: 2/2
   741 | D:1      | Reached XP level 3. HP: 33/35 MP: 3/3
   836 | D:2      | Found an opulent altar of Gozag.
   974 | D:2      | Reached skill level 1 in Invocations
  1009 | D:2      | Reached skill level 1 in Short Blades
  1009 | D:2      | Reached skill level 1 in Long Blades
  1009 | D:2      | Reached skill level 1 in Maces & Flails
  1009 | D:2      | Reached skill level 1 in Polearms
  1009 | D:2      | Reached skill level 1 in Staves
  1009 | D:2      | Reached skill level 1 in Ranged Weapons
  1009 | D:2      | Reached skill level 1 in Throwing
  1009 | D:2      | Reached skill level 1 in Dodging
  1009 | D:2      | Reached skill level 1 in Stealth
  1009 | D:2      | Reached skill level 1 in Unarmed Combat
  1009 | D:2      | Reached skill level 1 in Spellcasting
  1009 | D:2      | Reached skill level 1 in Evocations
  1539 | D:3      | Noticed a necrophage
  1550 | D:3      | Killed a necrophage
  1551 | D:3      | Reached skill level 1 in Conjurations
  1551 | D:3      | Reached skill level 1 in Hexes
  1551 | D:3      | Reached skill level 1 in Summonings
  1551 | D:3      | Reached skill level 1 in Necromancy
  1551 | D:3      | Reached skill level 1 in Translocations
  1551 | D:3      | Reached skill level 1 in Transmutations
  1551 | D:3      | Reached skill level 1 in Fire Magic
  1551 | D:3      | Reached skill level 1 in Ice Magic
  1551 | D:3      | Reached skill level 1 in Air Magic
  1551 | D:3      | Reached skill level 1 in Earth Magic
  1551 | D:3      | Reached skill level 1 in Poison Magic
  1551 | D:3      | Reached XP level 4. HP: 34/41 MP: 4/6
  1551 | D:3      | Reached XP level 5. HP: 39/47 MP: 4/7
  1617 | D:3      | Found Ruok's Book Shop.
  1729 | D:3      | Found a faded altar of an unknown god.
  2259 | D:4      | Found a large runed translucent door.
  2260 | D:4      | Found a large runed translucent door.
  2260 | D:4      | Noticed an orc warrior
  2279 | D:4      | Killed an orc warrior
  2280 | D:4      | Reached skill level 5 in Axes
  2280 | D:4      | Reached XP level 6. HP: 14/53 MP: 7/9
  2513 | D:4      | Found a large runed translucent door.
  2513 | D:4      | Found a large runed translucent door.
  2514 | D:4      | Noticed a steam dragon
  2769 | D:4      | Noticed Grinder
  2785 | D:4      | Killed Grinder
  2786 | D:4      | Reached XP level 7. HP: 20/60 MP: 10/10
  3652 | D:5      | Entered Level 5 of the Dungeon
  3834 | D:5      | HP: 2/60 [orc/+0 war axe (5)]
  4327 | D:5      | Reached XP level 8. HP: 63/67 MP: 12/12
  4810 | D:5      | Noticed Edmund
  4830 | D:5      | Killed Edmund
  5159 | D:6      | Found an ancient bone altar of Kikubaaqudgha.
  5159 | D:6      | Found a bloodstained altar of Trog.
  5162 | D:6      | Found a blossoming altar of Fedhas.
  5325 | D:6      | Found a runed translucent gate.
  5325 | D:6      | Noticed viagra's ghost (novice MiBe)
  5326 | D:6      | Found a runed translucent gate.
  5326 | D:6      | Found a runed translucent gate.
  5705 | D:6      | Learned a level 3 spell: Tukima's Dance
  5754 | D:6      | Found a staircase to the Ecumenical Temple.
  5767 | Temple   | Entered the Ecumenical Temple
  6443 | D:6      | Found an iron altar of Okawaru.
  6449 | D:6      | Became a worshipper of Warmaster Okawaru
  6583 | D:6      | Found a glowing golden altar of the Shining One.
  6584 | D:6      | Found an ornate altar of the Wu Jian Council.
  6760 | D:6      | Identified the +5 war axe "Oshukur" {flame, SInv}
  7197 | D:6      | Reached XP level 9. HP: 72/73 MP: 13/15
  7665 | D:6      | Killed viagra's ghost
  7665 | D:6      | Reached * piety under Okawaru
  7964 | D:7      | Reached skill level 5 in Invocations
  8000 | D:7      | Found a white marble altar of Elyvilon.
  8103 | D:7      | Noticed Maggie
  8122 | D:7      | Killed Maggie
  8453 | D:7      | Reached ** piety under Okawaru
  8774 | D:7      | Reached skill level 5 in Short Blades
  8774 | D:7      | Reached skill level 5 in Long Blades
  8774 | D:7      | Reached skill level 5 in Maces & Flails
  8774 | D:7      | Reached skill level 5 in Polearms
  8774 | D:7      | Reached skill level 5 in Staves
  8774 | D:7      | Reached skill level 5 in Ranged Weapons
  8774 | D:7      | Reached skill level 5 in Throwing
  8774 | D:7      | Reached skill level 5 in Dodging
  8774 | D:7      | Reached skill level 5 in Stealth
  8774 | D:7      | Reached skill level 5 in Unarmed Combat
  8774 | D:7      | Reached skill level 5 in Spellcasting
  8774 | D:7      | Reached skill level 5 in Evocations
  8774 | D:7      | Reached XP level 10. HP: 64/81 MP: 17/17
  9216 | D:7      | Noticed an unseen horror
  9226 | D:7      | Killed an unseen horror
  9345 | D:8      | Found Huarch's Antique Weapon Shop.
  9354 | D:8      | Found Kydesh's Antique Weapon Boutique.
  9738 | D:8      | Found Xour's Antique Weapon Shop.
  9746 | D:8      | Bought a fine rapier for 189 gold pieces
  9746 | D:8      | Identified the +3 rapier of Circularity {vorpal, rC++
                  | Stlth+} (You bought it in a shop on level 8 of the Dungeon)
  9829 | D:8      | Found a basalt altar of Yredelemnul.
  9968 | D:8      | Found Beshid's Antique Armour Shoppe.
 10026 | D:8      | Found a hazy altar of Hepliaklqana.
 10202 | D:8      | Found Atuaj's General Store.
 10426 | D:9      | Noticed a two-headed ogre
 10437 | D:8      | Killed a two-headed ogre
 10796 | D:8      | Reached *** piety under Okawaru
 10951 | D:9      | Found Neysoj's General Store.
 11522 | D:9      | Received a gift from Okawaru
 12140 | D:10     | Entered Level 10 of the Dungeon
 12161 | D:9      | Reached skill level 5 in Conjurations
 12161 | D:9      | Reached skill level 5 in Hexes
 12161 | D:9      | Reached skill level 5 in Summonings
 12161 | D:9      | Reached skill level 5 in Necromancy
 12161 | D:9      | Reached skill level 5 in Translocations
 12161 | D:9      | Reached skill level 5 in Transmutations
 12161 | D:9      | Reached skill level 5 in Fire Magic
 12161 | D:9      | Reached skill level 5 in Ice Magic
 12161 | D:9      | Reached skill level 5 in Air Magic
 12161 | D:9      | Reached skill level 5 in Earth Magic
 12161 | D:9      | Reached skill level 5 in Poison Magic
 12161 | D:9      | Reached XP level 11. HP: 77/89 MP: 18/20
 12335 | D:10     | Reached **** piety under Okawaru
 12909 | D:10     | Found a staircase to the Lair.
 13321 | Lair:1   | Entered Level 1 of the Lair of Beasts
 13444 | Lair:1   | Found a blossoming altar of Fedhas.
 13459 | Lair:1   | Noticed an oklob plant
 13555 | Lair:1   | Reached ***** piety under Okawaru
 13808 | Lair:1   | Noticed Sonja
 13819 | Lair:1   | Killed Sonja
 13828 | Lair:1   | Identified the ring "Vigoplob" {Fly rCorr Stlth+}
 14061 | Lair:1   | Received a gift from Okawaru
 14590 | Lair:2   | Identified the +7 plate armour "Fuip" {Harm Will- rCorr
                  | Dex+2} (Okawaru gifted it to you on level 2 of the Lair of
                  | Beasts)
 14590 | Lair:2   | Received a gift from Okawaru
 15187 | Lair:2   | Reached XP level 12. HP: 92/97 MP: 22/22
 15692 | Lair:2   | Identified the ring "Coomecsa" {rN+ rCorr Str-4 Dex+5}
 16145 | Lair:3   | Found a hole to the Spider Nest.
 16182 | Lair:3   | Reached skill level 10 in Fighting
 16182 | Lair:3   | Reached skill level 10 in Armour
 16182 | Lair:3   | Reached skill level 10 in Shields
 16910 | Lair:3   | Noticed a death yak
 16910 | Lair:3   | Noticed a death yak
 16990 | Lair:3   | Noticed a death yak
 17008 | Lair:3   | Noticed a death yak
 17026 | Lair:3   | Killed a death yak
 17044 | Lair:3   | Killed a death yak
 17056 | Lair:3   | Killed a death yak
 17074 | Lair:3   | Killed a death yak
 17627 | Lair:3   | Killed from afar by a will-o-the-wisp

Illustrated notes

Levels and vault maps discovered:
D:1:      tarquinn_simple_flora_water_b, layout_rooms
D:2:      layout_loops_ring, basic_altar
D:3:      layout_rooms, shapermc_ecumenical_altar_notcrosses, serial_shops,
          shop_fountains, minmay_misc_feat_doors
D:4:      layout_basic, minmay_hollow_rounded_squares, uniq_grinder
D:5:      layout_basic, uniq_edmund
D:6:      layout_basic, okawaru_gym_becter, nicolae_overflow_hidden_temple,
          temple_green, biasface_ghost_orc_armoury, minmay_tree_intersection,
          lemuel_flame_loot_1
D:7:      layout_basic, mainiacjoe_overflow_cross_hatched,
          nicolae_figureground_sparkle, uniq_maggie
D:8:      layout_basic, lemuel_coloured_pillars_altar,
          mainiacjoe_overflow_alcove_2, serial_shops, shop, shop,
          nicolae_take_the_stairs, nicolae_shop_stone, shop
D:9:      layout_cave_pools, enter_bailey_7, serial_shops, shop, nicolae_wwwww
D:10:     layout_big_octagon, lair_entry_dummy
Temple:   oiseaux_autumnal_temple
Lair:1:   layout_chaotic_city, tgw_fedhas, uniq_sonja
Lair:2:   wander_river, layout_cellular_growth, infiniplex_staircase_pool_2
Lair:3:   layout_roguey, minmay_swamp_entry_wisps, spider_nest_entry_rubble,
          st_stairs_11, eino_small_chamber_without_monster, beast_lair_carwin_1

Skill      XL: |  1  2  3  4  5  6  7  8  9 10 11 12 |
---------------+-------------------------------------+-----
Invocations    | 1 2 3 4 5 6 7 8 |  8.8
Short Blades   | 1 2 3 4 5 6 7 8 |  8.0
Long Blades    | 1 2 3 4 5 6 7 8 |  8.0
Maces & Flails | 1 2 3 4 5 6 7 8 |  8.0
Polearms       | 1 2 3 4 5 6 7 8 |  8.0
Staves         | 1 2 3 4 5 6 7 8 |  8.0
Ranged Weapons | 1 2 3 4 5 6 7 8 |  8.0
Throwing       | 1 2 3 4 5 6 7 8 |  8.0
Dodging        | 1 2 3 4 5 6 7 8 |  8.0
Stealth        | 1 2 3 4 5 6 7 8 |  8.0
Unarmed Combat | 1 2 3 4 5 6 7 8 |  8.0
Spellcasting   | 1 2 3 4 5 6 7 8 |  8.0
Evocations     | 1 2 3 4 5 6 7 8 |  8.0
Conjurations   | 1 2 3 4 5 6 |  6.6
Hexes          | 1 2 3 4 5 6 |  6.6
Summonings     | 1 2 3 4 5 6 |  6.6
Necromancy     | 1 2 3 4 5 6 |  6.6
Translocations | 1 2 3 4 5 6 |  6.6
Transmutations | 1 2 3 4 5 6 |  6.6
Fire Magic     | 1 2 3 4 5 6 |  6.6
Ice Magic      | 1 2 3 4 5 6 |  6.6
Air Magic      | 1 2 3 4 5 6 |  6.6
Earth Magic    | 1 2 3 4 5 6 |  6.6
Poison Magic   | 1 2 3 4 5 6 |  6.6
Axes           | 5 6 7 8 9 |  9.3
Fighting       | 7 8 9 10 | 10.4
Armour         | 7 8 9 10 | 10.4
Shields        | 7 8 9 10 | 10.4

Action                   |  1- 3 |  4- 6 |  7- 9 | 10-12 || total
-------------------------+-------+-------+-------+-------++-------
Melee: War axe           |   110 |    95 |   209 |   484 ||   898
       Bite              |     5 |     8 |    36 |    71 ||   120
       Flail             |       |       |   114 |    31 ||   145
       Dagger            |       |       |     7 |       ||     7
       Rapier            |       |       |       |    12 ||    12
 Fire: Sling             |       |       |     9 |    71 ||    80
Throw: Javelin           |       |     1 |       |     1 ||     2
       Throwing net      |       |       |     1 |       ||     1
       Dart              |       |       |       |     2 ||     2
Invok: Heroism           |       |       |       |     3 ||     3
Evoke: Wand              |       |     1 |       |     2 ||     3
       Phantom mirror    |       |       |     2 |       ||     2
  Use: Scroll            |     3 |     2 |    11 |     7 ||    23
       Potion            |       |     1 |     3 |     3 ||     7
 Stab: Sleeping          |       |       |     6 |     9 ||    15
       Held in net/web   |       |       |     1 |       ||     1
       Paralysed         |       |       |       |     1 ||     1
Armor: Scale mail        |    65 |    26 |     3 |       ||    94
       Leather armour    |       |       |   114 |       ||   114
       Swamp dragon scal |       |       |    11 |   204 ||   215
       Skin              |       |       |       |    35 ||    35
Dodge: Dodged            |    51 |    33 |   161 |   281 ||   526
       Repelled          |       |       |     2 |     3 ||     5
Block: Buckler           |    23 |    34 |    74 |       ||   131
       Kite shield       |       |       |    46 |   331 ||   377
